AoeStats
← rakunt

Hideout

508701352Analyzed
1v1 RM · 10d ago on Sep 23, 2026· 48m 4s· 2 players
Game mode
Random Map
Map size
Tiny (2 player)
Population
200
Speed
Normal
Resources
Standard
Victory
Conquest
Starting age
Dark Age
Ending age
Imperial Age
RankedLock teamsTeams togetherTeam positionsShared explorationLock speedFull tech treeHidden civsTurbo modeCheats
Victory
Defeat
🇨🇿 Danes · Czechia
927
+16
🇨🇱 Ethiopians · Chile
919
-16
rakunt
5:39 Loom
11:24 Feudal Age
11:53 Double-Bit Axe
15:55 Man-at-Arms
26:35 Castle Age
25:30 Horse Collar
25:41 Gold Mining
25:43 Stone Mining
27:25 Thumb Ring
26:43 Crossbowman
28:27 Bow Saw
31:37 Fletching
33:49 Padded Archer Armor
35:33 Wheelbarrow
38:10 Gold Shaft Mining
38:46 Heavy Plow
47:16 Imperial Age
46:02 Hand Cart
Jozineqq
8:04 Loom
10:13 Feudal Age
10:23 Man-at-Arms
10:51 Arson
11:53 Double-Bit Axe
12:53 Horse Collar
21:28 Castle Age
20:10 Gold Mining
20:47 Scale Mail Armor
20:58 Forging
21:34 Long Swordsman
22:32 Gambesons
23:35 Squires
24:06 Bow Saw
23:59 Heavy Plow
23:53 Stone Mining
25:29 Wheelbarrow
29:47 Chain Mail Armor
30:08 Iron Casting
31:43 Hand Cart
32:12 Stone Shaft Mining
37:12 Imperial Age
36:18 Ballistics
37:17 Elite Varangian Guard
39:04 Gold Shaft Mining
39:05 Plate Mail Armor
38:28 Fletching
40:06 Padded Archer Armor
40:54 Town Watch
42:51 Chemistry
41:18 Elite Skirmisher
43:50 Blast Furnace
42:46 Bodkin Arrow
43:07 Leather Archer Armor
45:07 Bracer
Connection lost

Rejoining the realm…

Still unreachable

The connection could not be restored.

Session expired

The server has moved on; the page needs a fresh start.